 Dungeon Crawl Stone Soup version 0.24.0-13-gcf9b319 (webtiles) character file.

Game seed: 18230199515788079107, levelgen mode: deterministic

47 DJSashaDrone the Skirmisher (level 3, 0/24 HPs)
             Began as a Gargoyle Monk on Mar 9, 2020.
             Slain by a sky beast (1 damage)
             ... on level 2 of the Dungeon.
             The game lasted 00:03:41 (1705 turns).

DJSashaDrone the Skirmisher (Gargoyle Monk)         Turns: 1705, Time: 00:03:44

Health: 0/24       AC:  5    Str: 14    XL:     3   Next: 70%
Magic:  4/4        EV: 13    Int: 10    God:
Gold:   24         SH:  0    Dex: 13    Spells: 3/3 levels left

rFire    . . .     SeeInvis .   i - -2 hand axe (curse)
rCold    . . .     Gourm    .   (no shield)
rNeg     + . .     Faith    .   b - +0 robe
rPois    ∞         Spirit   .   (no helmet)
rElec    +         Reflect  .   (no cloak)
rCorr    .         Harm     .   (no gloves)
MR       .....                  (no boots)
Stlth    ++........             (no amulet)
HPRegen  0.08/turn              (no ring)
MPRegen  0.09/turn              (no ring)

@: no status effects
A: negative energy resistance 1, electricity resistance, unbreathing,
petrification resistance, rot immunity, AC +3
a: no special abilities


You were on level 2 of the Dungeon.
You were hungry.

You visited 1 branch of the dungeon, and saw 2 of its levels.

You collected 24 gold pieces.

Inventory:

Hand Weapons
 a - a +0 spear
 i - a cursed -2 hand axe (weapon)
Armour
 b - a +0 robe (worn)
Wands
 g - a wand of acid (13)
Potions
 f - a potion of curing {unknown}
Comestibles
 c - a ration


   Skills:
 * Level 4.0 Fighting
 + Level 2.8 Polearms
 * Level 1.3 Armour
 + Level 2.6 Dodging
 + Level 2.4 Stealth
 * Level 0.6 Spellcasting


You had 3 spell levels left.
You didn't know any spells.
Your spell library was empty.

Dungeon Overview and Level Annotations

Branches:
Dungeon (2/15)

Altars:


Innate Abilities, Weirdness & Mutations

You are resistant to torment.
Your stone body is resilient. (AC +3)
You are immune to poison.
You resist negative energy. (rN+)
You are resistant to electric shocks. (rElec)
You can survive without breathing.
You are immune to petrification.
You are immune to rotting.


Message History

Something hits you but does no damage.
You closely miss something. Something hits you but does no damage.
You miss something. Something hits you but does no damage.
You completely miss something. Something hits you but does no damage.
You hit something.
Something hits you but does no damage. x2
You hit something but do no damage. Something hits you but does no damage.
You barely miss something. Something hits you but does no damage.
You closely miss something. Something hits you.
* * * LOW HITPOINT WARNING * * *
Something shocks you.
* * * LOW HITPOINT WARNING * * *
You miss something. Something hits you but does no damage.
It was a potion of cancellation.
Your magical effects are unravelling.
You feel magically purged.
You feel less wooden.
Your +0 robe unmelds from your body.
You feel a little less agile now. Something hits you.
You die...

..##...######..####.........
####...# #.## #.........
......## ##.#####........#
......######...............#
.............#.##........#.#
.<.......(........#####..#..
................#..........
........†.....###{###......
..........÷)..##@.#........
..........(...#...†.......#
.............##.#.#.......#
......................#.#.#
................#.#...# ..
.......†......#...#..## #
........#)....#.###..#
....#>....##.##.# ...#
.#.###....##<## .#.#


There were no monsters in sight!

Vanquished Creatures
  2 worms (D:2)
  A leopard gecko (D:1)
  6 goblins
  3 hobgoblins
  6 jackals (D:1)
  8 kobolds
  4 bats
  6 rats
36 creatures vanquished.

Notes
Turn   | Place    | Note
-------+----------+-------------------------------------------
     0 | D:1      | DJSashaDrone the Gargoyle Monk began the quest for the Orb.
     0 | D:1      | Reached XP level 1. HP: 14/14 MP: 1/1
   130 | D:1      | Reached XP level 2. HP: 5/19 MP: 2/2
   753 | D:1      | Reached skill level 1 in Armour
  1069 | D:1      | Reached XP level 3. HP: 24/24 MP: 3/3
  1466 | D:2      | Reached skill level 4 in Fighting
  1692 | D:2      | Noticed a sky beast
  1703 | D:2      | HP: 1/36 [something (6)]
  1705 | D:2      | Slain by a sky beast

Levels and vault maps discovered:
D:1:      dpeg_arrival_tiny_g, layout_basic
D:2:      layout_rooms, lemuel_crystal_altar, minmay_misc_feat_tower,
          uniq_natasha

Skill      XL: |  1  2  3 |
---------------+----------+-----
Armour         | 1 |  1.3
Fighting       | 4 |  4.0
Polearms       | |  2.8
Dodging        | |  2.6
Stealth        | |  2.4
Spellcasting   | |  0.6

Action                   || total
-------------------------++-------
Melee: Spear             ||    67
       Hand axe          ||    72
Evoke: Wand              ||     2
  Use: Potion            ||     3
       Scroll            ||     1
 Stab: Sleeping          ||     3
  Eat: Chunk             ||     2
Armor: Robe              ||    57
       Skin              ||     9
Dodge: Dodged            ||    68
